 Dungeon Crawl Stone Soup version 0.18-a0-1120-g03bd624 (webtiles) character file.

223 4thArraOfDagon the Gusty (level 5, -4/38 HPs)
             Began as a Centaur Air Elementalist on Jan 17, 2016.
             Was a Follower of Vehumet.
             Slain by Sigmund
             ... wielding a +0 scythe
              (7 damage)
             ... on level 4 of the Dungeon.
             The game lasted 00:15:05 (1688 turns).

4thArraOfDagon the Gusty (Centaur Air Elementalist) Turns: 1688, Time: 00:15:05

Health: -4/38      AC: 10    Str: 10    XL:     5   Next: 66%
Magic:  8/8        EV: 15    Int: 18    God:    Vehumet [*.....]
Gold:   81         SH:  0    Dex: 15    Spells: 4 memorised, 1 level left

rFire  . . .     SeeInvis .     s - +2 flail (protect)
rCold  . . .     Gourm    .     a - +1 robe
rNeg   . . .     Faith    .     (no shield)
rPois  .         Spirit   .     (no helmet)
rElec  .         Dismiss  .     (no cloak)
rCorr  .         Reflect  .     (no gloves)
SustAt .         Harm     .     (no barding)
MR     .....                    (no amulet)
Stlth  ++........               (no ring)
                                k - +3 ring of intelligence

@: agile, lethally poisoned (-4 -> -12), sluggish, very slightly contaminated,
repel missiles, quick, not resistant to hostile enchantments, unstealthy
A: hooves 3, deformed body, speed 2, tough skin 3
a: Renounce Religion


You were on level 4 of the Dungeon.
You worshipped Vehumet.
Vehumet was aware of your devotion.
You were hungry.

You visited 1 branch of the dungeon, and saw 4 of its levels.

You collected 81 gold pieces.

Inventory:

Hand Weapons
 f - a +0 blowgun
 n - a +0 halberd
 s - a +2 flail of protection (weapon)
Missiles
 o - 29 poisoned needles
Armour
 a - a +1 robe (worn)
Jewellery
 k - a +3 ring of intelligence (left hand)
 v - an uncursed amulet of the gourmand {unknown}
Scrolls
 e - a scroll of fog
 h - a scroll of remove curse
Potions
 l - a potion of might
 r - a potion of lignification {unknown}
Books
 b - a book of Air

   Spells                             Type                      Level
   a - Shock                          Conjuration/Air              1
   b - Swiftness                      Charms/Air                   2
   c - Repel Missiles                 Charms/Air                   2
   d - Static Discharge               Conjuration/Air              3
   e - Lightning Bolt                 Conjuration/Air              5
 g - a book of Unlife

   Spells                             Type                      Level
   a - Recall                         Summoning/Translocation      3
   b - Animate Dead                   Necromancy                   4
   c - Control Undead                 Necromancy                   4
   d - Cigotuvi's Embrace             Necromancy                   5
   e - Death Channel                  Necromancy                   6
   f - Simulacrum                     Ice/Necromancy               6
Comestibles
 c - 2 bread rations
 d - a slice of pizza
 i - 3 meat rations
 q - a chunk of flesh
 u - 5 fruits


   Skills:
 - Level 1.3 Dodging
 - Level 1.2 Stealth
 + Level 2.6 Spellcasting
 * Level 3.1 Conjurations
 - Level 4.1 Air Magic


You had one spell level left.
You knew the following spells:

 Your Spells              Type           Power        Failure   Level  Hunger
a - Shock                 Conj/Air       ###.         4%          1    #......
b - Repel Missiles        Chrm/Air       #.....       12%         2    ##.....
c - Static Discharge      Conj/Air       ###.....     14%         3    ###....
d - Swiftness             Chrm/Air       #.......     12%         2    ##.....


Dungeon Overview and Level Annotations

Branches:
Dungeon (4/15)
 Temple: D:4-7

Altars:
Ashenzari
Ru
Vehumet

Annotations:
D:4 Sigmund; chonchonts's ghost, amateur SpEn


Innate Abilities, Weirdness & Mutations

You have hooves in place of feet.
Armour fits poorly on your strangely shaped body.
You cover ground very quickly.
You have extremely tough skin (AC +3).


Message History

You feel sick.
Chonchonts's ghost whispers, "There is no future for you."
Chonchonts's ghost hits you.
* * * LOW HITPOINT WARNING * * *
Unknown command.
You feel sick. The worker ant completely misses you.
The gnoll closely misses you. The worker ant bites you.
* * * LOW HITPOINT WARNING * * *
You are lethally poisoned!
The worker ant poisons you!
Unknown command.
You start to feel a little faster.
Chonchonts's ghost hits you but does no damage.
Unknown command.
* * * LOW HITPOINT WARNING * * *
You feel sick.
The gnoll hits you from afar with a halberd.
* * * LOW HITPOINT WARNING * * *
Something hits you!
You die...

....# #....#.........'.. ....#
#....#.........#<. ....#
#....#.........#.. ##..######
#...##.......##..
....#....########...##.......###+
....#............a..#........##
...a'..w....w....gW.#.........#
....#...g......g....#.........#
....#.$.........@...#.........#
...###...###..########.......####
######...###'####...##.......##..
.........#.........g......g.....
.........'......................
..........#......................
..........#......................
..........#......................
#################################


You could see a worm, a worker ant, chonchonts's ghost and 2 gnolls.

Vanquished Creatures
  An orc wizard (D:3)
  7 gnolls
  8 adders
  An ooze (D:2)
  An adder skeleton (D:4)
  A worm (D:3)
  A giant gecko (D:3)
  4 orcs (D:3)
  4 bats
  A bat zombie (D:1)
  A goblin (D:2)
  4 hobgoblins
  4 jackals (D:2)
  3 kobolds (D:3)
  A giant gecko zombie (D:1)
  A giant newt (D:1)
  5 rats
48 creatures vanquished.

Notes
Turn   | Place    | Note
--------------------------------------------------------------
     0 | D:1      | 4thArraOfDagon the Centaur Air Elementalist began the quest for the Orb.
     0 | D:1      | Reached XP level 1. HP: 14/14 MP: 3/3
    22 | D:1      | Reached skill level 1 in Conjurations
   127 | D:3      | Noticed an orc wizard
   139 | D:4      | Noticed a gnoll shaman
   199 | D:2      | Turgon: mhmm, I still don't like AE
   208 | D:2      | Turgon: no matter how often you play them
   220 | D:2      | 4thArraOfDagon: i like beggining spell setup
   270 | D:1      | Reached XP level 2. HP: 4/20 MP: 0/4
   357 | D:2      | Learned a level 2 spell: Repel Missiles
   379 | D:2      | Reached skill level 3 in Air Magic
   468 | D:2      | Found a radiant altar of Vehumet.
   482 | D:2      | Became a worshipper of Vehumet
   492 | D:2      | Turgon: ouch
   500 | D:2      | Turgon: Ce of Veh
   517 | D:2      | Reached XP level 3. HP: 9/26 MP: 1/6
   572 | D:2      | 4thArraOfDagon: i find veh fun
   621 | D:2      | Found a shattered altar of Ashenzari.
   748 | D:2      | Reached XP level 4. HP: 24/33 MP: 0/7
   903 | D:3      | Learned a level 3 spell: Static Discharge
  1072 | D:3      | Reached XP level 5. HP: 10/38 MP: 0/8
  1090 | D:3      | Reached * piety under Vehumet
  1090 | D:3      | Offered knowledge of Freeze by Vehumet.
  1090 | D:3      | Reached skill level 4 in Air Magic
  1133 | D:3      | Found a sacrificial altar of Ru.
  1207 | D:3      | Learned a level 2 spell: Swiftness
  1453 | D:4      | Noticed Sigmund
  1632 | D:4      | Noticed chonchonts's ghost (amateur SpEn)
  1688 | D:4      | Slain by Sigmund

Vault maps used:
D:1:      saegor_arrival_fortress
D:2:      nicolae_overflow_crystal_walls, evilmike_ruin_ashenzari
D:3:      nicolae_ru_sacrificial_ziggurat, minmay_misc_feat_doors
D:4:      nicolae_overflow_hidden_temple, uniq_pikel, uniq_sigmund

Action                   |  1- 3 |  4- 6 || total
-------------------------+-------+-------++-------
Melee: Unarmed           |     7 |       ||     7
       Mace              |    24 |    26 ||    50
       Halberd           |       |    12 ||    12
       Flail             |       |     4 ||     4
 Fire: Blowgun           |       |     6 ||     6
 Cast: Shock             |    36 |    33 ||    69
       Repel Missiles    |     1 |       ||     1
       Swiftness         |       |     1 ||     1
  Use: Scroll            |       |     9 ||     9
       Potion            |       |     1 ||     1
  Eat: Chunk             |       |     2 ||     2
